 Dungeon Crawl Stone Soup version 0.20.0-10-g0535bb4 (console) character file.

29 Mohan the Shield-Bearer (level 3, 0/19 HPs)
             Began as a Vine Stalker Fighter on June 3, 2017.
             Slain by Sigmund
             ... wielding a cursed -3 scythe
              (2 damage)
             ... on level 2 of the Dungeon.
             The game lasted 00:03:23 (782 turns).

Mohan the Shield-Bearer (Vine Stalker Fighter)       Turns: 782, Time: 00:03:23

Health: 0/19       AC:  7    Str: 19    XL:     3   Next: 16%
Magic:  0/4        EV:  7    Int:  8    God:
Gold:   68         SH:  9    Dex: 13    Spells: 2/2 levels left

rFire    . . .     SeeInvis .   a - +0 rapier
rCold    . . .     Gourm    .   c - +0 shield
rNeg     . . .     Faith    .   b - +0 scale mail
rPois    .         Spirit   +   (no helmet)
rElec    .         Reflect  .   (no cloak)
rCorr    .         Harm     .   (no gloves)
MR       .....                  t - +0 pair of boots
Stlth    ..........             (no amulet)
Regen    0.1/turn               (no ring)
MPRegen  0.1/turn               (no ring)

@: no status effects
A: fangs 2, magic shield, antimagic bite, no potion heal 3, rot immunity
a: no special abilities


You were on level 2 of the Dungeon.
You were not hungry.

You visited 1 branch of the dungeon, and saw 2 of its levels.

You collected 68 gold pieces.

Inventory:

Hand Weapons
 a - a +0 rapier (weapon)
Armour
 b - a +0 scale mail (worn)
 c - a +0 shield (worn)
 t - a +0 pair of boots (worn)
Wands
 m - a wand of flame (22/48)
Scrolls
 e - a scroll of amnesia {unknown}
 g - a scroll of fear {unknown}
 j - 2 scrolls of enchant weapon {unknown}
 k - 3 scrolls of teleportation {unknown}
 n - a scroll of fog {unknown}
 o - a scroll of remove curse {unknown}
 p - a scroll of recharging {unknown}
 r - a scroll of magic mapping {unknown}
Potions
 d - 2 potions of might
 h - a potion of heal wounds {unknown}
 i - a potion of curing {unknown}
 l - a potion of degeneration {unknown}
 q - a potion of agility {unknown}
Comestibles
 f - 2 bread rations
 s - a chunk of flesh


   Skills:
 + Level 2.8 Fighting
 + Level 2.1 Short Blades
 + Level 2.7 Armour
 + Level 3.1 Shields


You had 2 spell levels left.
You didn't know any spells.

Dungeon Overview and Level Annotations

Branches:
Dungeon (2/15)

Altars:

Annotations:
D:2 Jessica, Sigmund


Innate Abilities, Weirdness & Mutations

You have extremely sharp teeth.
When hurt, damage is shared between your health and your magic reserves.
Your bite disrupts and absorbs the magic of your enemies.
Potions cannot restore your health.
You are immune to rotting.


Message History

You puncture Sigmund! Your bite misses Sigmund.
Sigmund is severely wounded.
Jessica hits you but does no damage.
You barely miss Sigmund. Your bite misses Sigmund.
Sigmund is severely wounded.
Jessica barely misses you. Sigmund closely misses you.
Jessica closely misses you.
You closely miss Sigmund. You bite Sigmund.
Sigmund's magic leaks into the air.
You drain his magic.
Sigmund is severely wounded.
Jessica shouts, "You're disturbing me!
I'll have to kill you!" You block Jessica's attack.
Sigmund hits you but does no damage. Jessica barely misses you.
You closely miss Sigmund. You bite Sigmund.
Sigmund's magic leaks into the air.
You drain his magic.
Sigmund is almost dead.
Jessica hits you but does no damage. Sigmund barely misses you.
You hit Sigmund but do no damage. Your bite misses Sigmund.
Sigmund is almost dead.
Jessica hits you but does no damage. x2
Your shield and scale mail prevent you from hitting Sigmund.
Sigmund is almost dead.
Sigmund hits you with an enchanted scythe.
You die...

####### ########### ......#
#.........#
......###.........#
................[.# ###
......###.........### ....
......# #....[......# ....^
......# ###########.####.<....
......####......@@............
##.##...........@###..........
#.##.####.......# ##.........
#....# #.......## #.........
###..## #........# #.........
#...# #........###.........
####...###....................
#........##.######..#.........
#.........#.#####............
#....................
#####.......#.###..#


You could see Sigmund and Jessica.

Vanquished Creatures
  An adder (D:2)
  3 giant cockroaches (D:1)
  2 goblins (D:1)
  3 hobgoblins
  5 bats (D:1)
  3 frilled lizards
  4 rats
21 creatures vanquished.

Notes
Turn   | Place    | Note
-------+----------+-------------------------------------------
     0 | D:1      | Mohan the Vine Stalker Fighter began the quest for the Orb.
     0 | D:1      | Reached XP level 1. HP: 11/11 MP: 2/2
   156 | D:1      | Reached XP level 2. HP: 16/16 MP: 3/3
   250 | D:1      | Reached skill level 3 in Shields
   747 | D:2      | Noticed Jessica
   747 | D:2      | Noticed Sigmund
   761 | D:2      | Reached XP level 3. HP: 6/19 MP: 4/4
   782 | D:2      | Slain by Sigmund

Skill      XL: |  1  2 |
---------------+-------+-----
Shields        | 3 |  3.1
Short Blades   | 2 |  2.1
Fighting       | |  2.8
Armour         | |  2.7

Action                   || total
-------------------------++-------
Melee: Rapier            ||    67
       Bite              ||    12
Armor: Scale mail        ||    29
Dodge: Dodged            ||    26
Block: Shield            ||    25
